 Dungeon Crawl Stone Soup version 0.14-a0-181-gf6fe0c6 (webtiles) character file.

1453 PolkaDot the Grappler (level 8, 0/75 HPs)
             Began as a Troll Death Knight on Oct 6, 2013.
             Was a Priest of Yredelemnul.
             Slain by a gnoll shaman
             ... wielding a cursed -2,-1 whip
              (2 damage)
             ... on Level 6 of the Dungeon.
             The game lasted 00:14:02 (3968 turns).

PolkaDot the Grappler (Troll Death Knight)          Turns: 3968, Time: 00:14:04

HP   0/75        AC  5     Str 22      XL: 8   Next: 23%
MP   7/7         EV 10     Int  7      God: Yredelemnul [***...]
Gold 226         SH  0     Dex 11      Spells:  0 memorised,  7 levels left

Res.Fire  : . . .   See Invis. : .     - Unarmed
Res.Cold  : . . .   Warding    : .   b - +0 robe
Life Prot.: . . .   Conserve   : .   (shield restricted)
Res.Poison: .       Res.Corr.  : .   (helmet restricted)
Res.Elec. : .       Clarity    : .   (no cloak)
Sust.Abil.: . .     Spirit.Shd : .   (gloves unavailable)
Res.Mut.  : .       Stasis     : .   (boots unavailable)
Res.Rott. : .       Flight     : .   c - amulet of inaccuracy {unknown}
Gourmand  : +                        (no ring)
                                     (no ring)

@: glowing, slightly resistant to hostile enchantments, very unstealthy
A: unfitting armour, claws 3, fast metabolism 3, gourmand, regeneration 2,
saprovore 2, tough skin 2, AC +1
a: Animate Dead, Recall Undead Slaves, Injury Mirror, Renounce Religion


You were on level 6 of the Dungeon.
You worshipped Yredelemnul.
Yredelemnul was most pleased with you.
You were full.

You visited 1 branch of the dungeon, and saw 6 of its levels.

You collected 206 gold pieces.

Inventory:

Armour
 b - a +0 robe (worn)
Magical devices
 r - a wand of frost (15) {unknown}
Comestibles
 a - 2 meat rations
 d - a royal jelly
 m - 4 bread rations
 n - a pear
 q - an apple
 t - a snozzcumber
Scrolls
 e - 5 scrolls of remove curse
 g - a scroll of enchant weapon II
 h - a scroll of amnesia {unknown}
 i - 2 scrolls of blinking {unknown}
 j - 2 scrolls of noise {unknown}
 k - a scroll of curse jewellery {unknown}
 l - a scroll of enchant armour {unknown}
 o - a scroll of teleportation {unknown}
 p - 2 scrolls of identify {unknown}
Jewellery
 c - an amulet of inaccuracy (around neck) {unknown}
Potions
 f - 2 potions of restore abilities
 s - a potion of agility {unknown}
 u - a potion of speed


   Skills:
 + Level 3.3 Fighting
 + Level 3.1 Dodging
 * Level 8.7 Unarmed Combat
 - Level 2.4 Invocations


You had 7 spell levels left.
You didn't know any spells.

Dungeon Overview and Level Annotations

Branches:
Dungeon (6/27)             Temple (0/1) D:4
    Orc: D:6-11

Altars:
Elyvilon
Okawaru
Sif Muna
Xom

Annotations:
D:3 Grinder


Innate Abilities, Weirdness & Mutations

You are too large for most types of armour.
You have claws for hands.
Your metabolism is lightning-fast.
You like to eat raw meat.
You heal very quickly.
You can eat rotten meat.
You are covered in fur (AC +1).
You have very tough skin (AC +2).


Message History

The gnoll shaman invokes the aid of its god against you.
You are outlined in light.
The gnoll closely misses you.
You barely miss the gnoll shaman.
The gnoll shaman is almost dead.
The gnoll shaman hits you but does no damage.
The gnoll hits you with a whip.
* * * LOW HITPOINT WARNING * * *
You closely miss the gnoll shaman.
The gnoll shaman is almost dead.
The gnoll hits you with a whip.
* * * LOW HITPOINT WARNING * * *
The gnoll shaman hits you with a whip!
* * * LOW HITPOINT WARNING * * *
You barely miss the gnoll shaman.
The gnoll shaman is almost dead.
The gnoll hits you with a whip.
* * * LOW HITPOINT WARNING * * *
The gnoll shaman hits you with a whip.
You die...
Your body rises from the dead as a mindless zombie.

..........#.. ...>
..........#.# .....
..........#.###.#.#
...)............#.#
....(....#......#.#
.##......#......#.#
...............)..######
....#.......##.gg........
.####.......##..@).......
z## ##(.....##..z........
..# #......###...######
..# #.............
..######............
..z..# #...#.........
....z###...#..........
#..........#.........
...........# ...


You could see a gnoll shaman (bleeding), a gnoll and a friendly orc zombie
(paralysed).

Vanquished Creatures
  A necrophage (D:5)
  An ogre (D:5)
  A black bear (D:6)
  A giant frog (D:5)
  4 hounds
  A crimson imp (D:5)
  An orc priest (D:3)
  A jelly (D:5)
  2 iguanas (D:4)
  A scorpion (D:4)
  5 orc wizards
  A worker ant (D:4)
  Terence (D:3)
  6 adders
  2 gnolls (D:6)
  A worm (D:4)
  2 giant eyeballs
  3 giant geckos
  21 orcs
  15 bats
  A bat skeleton (D:4)
  7 giant cockroaches
  5 goblins
  8 hobgoblins
  6 jackals
  2 oozes
  2 giant newts (D:2)
  A hobgoblin skeleton (D:4)
  4 kobolds
  2 quokkas
  7 rats
  A rat skeleton (D:6)
117 creatures vanquished.

Vanquished Creatures (collateral kills)
  A sky beast (D:5)
  An ogre (D:6)
  A giant frog (D:5)
  A crimson imp (D:5)
  A worker ant zombie (D:5)
  A worm zombie (D:5)
  An adder (D:5)
  A giant gecko (D:3)
  A goblin (D:5)
  A goblin skeleton (D:5)
10 creatures vanquished.

Vanquished Creatures (others)
  A wight (D:5)
  A bat zombie (D:3)
  A hobgoblin zombie (D:6)
  A jackal zombie (D:5)
  4 orc zombies
  A quokka zombie (D:5)
9 creatures vanquished.

Grand Total: 136 creatures vanquished

Notes
Turn   | Place    | Note
--------------------------------------------------------------
     0 | D:1      | PolkaDot, the Troll Death Knight, began the quest for the Orb.
     0 | D:1      | Reached XP level 1. HP: 20/20 MP: 2/2
   160 | D:1      | Reached XP level 2. HP: 15/28 MP: 2/2
   263 | D:1      | Reached skill level 3 in Unarmed Combat
   993 | D:2      | Reached XP level 3. HP: 30/35 MP: 4/4
  1071 | D:2      | Found an iron altar of Okawaru.
  1072 | D:2      | Found a deep blue altar of Sif Muna.
  1078 | D:2      | Acquired Yredelemnul's second power
  1283 | D:2      | Reached skill level 4 in Unarmed Combat
  1455 | D:3      | Noticed Terence
  1463 | D:3      | Killed Terence
  1463 | D:3      | Reached XP level 4. HP: 22/42 MP: 4/4
  1793 | D:3      | Reached skill level 5 in Unarmed Combat
  1815 | D:3      | Noticed Grinder
  1816 | D:3      | Paralysed by a potion of paralysis for 5 turns
  2357 | D:4      | Reached XP level 5. HP: 11/49 MP: 5/5
  2407 | D:4      | Found a white marble altar of Elyvilon.
  2530 | D:4      | Reached skill level 6 in Unarmed Combat
  2537 | D:4      | Reached XP level 6. HP: 34/58 MP: 6/6
  2553 | D:4      | Got a crude shield
  2560 | D:4      | Identified the cursed +4 shield of Intercession {Spirit, +Inv rN+ MR++ Dam+2} (You found it on level 4 of the Dungeon)
  2694 | D:4      | Found a staircase to the Ecumenical Temple.
  2873 | D:4      | Acquired Yredelemnul's third power
  3009 | D:4      | Reached skill level 7 in Unarmed Combat
  3041 | D:5      | Entered Level 5 of the Dungeon
  3136 | D:5      | Found a shimmering altar of Xom.
  3230 | D:5      | Reached XP level 7. HP: 40/65 MP: 6/6
  3231 | D:5      | Received a gift from Yredelemnul
  3457 | D:5      | Noticed a necrophage
  3467 | D:5      | Killed a necrophage
  3467 | D:5      | Reached skill level 8 in Unarmed Combat
  3658 | D:5      | Paralysed by a giant eyeball for 2 turns
  3796 | D:6      | Reached XP level 8. HP: 67/75 MP: 7/7
  3936 | D:6      | Paralysed by a giant eyeball for 2 turns
  3947 | D:6      | Paralysed by a giant eyeball for 3 turns
  3968 | D:6      | HP: 2/75 [gnoll/whip (6)]
  3968 | D:6      | Slain by a gnoll shaman

Action                   |  1- 3 |  4- 6 |  7- 9 || total
-------------------------+-------+-------+-------++-------
Melee: Unarmed           |   136 |   238 |   116 ||   490
Invok: Animate Remains   |       |     6 |       ||     6
       Animate Dead      |       |     3 |     4 ||     7
  Use: Potion            |       |     4 |       ||     4
       Scroll            |       |     2 |       ||     2
 Stab: Sleeping          |       |       |     1 ||     1
       Distracted        |       |       |     1 ||     1
